AoeStats
← martin108

Fortress

509119618Analyzed
3v3 RM · 8d ago on Sep 25, 2026· 52m 18s· 6 players
Game mode
Random Map
Map size
Large (8 player)
Population
200
Speed
Normal
Resources
Standard
Victory
Conquest
Starting age
Dark Age
Ending age
Imperial Age
RankedLock teamsTeams togetherTeam positionsShared explorationLock speedFull tech treeHidden civsTurbo modeCheats
Victory
Defeat
🇬🇧 Danes · United Kingdom
948
+12
🇪🇪 Ethiopians · Estonia
932
+12
🇿🇦 Romans · South Africa
875
+15
🇩🇪 Teutons · Germany
854
-13
🇿🇦 Byzantines · South Africa
853
-13
🇦🇷 Poles · Argentina
845
-13
f1sh
7:58 Feudal Age
9:45 Double-Bit Axe
14:23 Castle Age
13:36 Wheelbarrow
12:48 Loom
13:01 Horse Collar
13:51 Scale Mail Armor
14:01 Forging
16:51 Chain Mail Armor
18:26 Arson
20:32 Squires
22:56 Loom
25:59 Heavy Plow
26:32 Hamask
27:29 Stone Mining
27:33 Gold Mining
29:38 Hand Cart
29:14 Town Watch
29:56 Bow Saw
33:51 Imperial Age
32:16 Gold Shaft Mining
32:28 Stone Shaft Mining
34:10 Iron Casting
33:26 Fletching
33:46 Scale Barding Armor
33:44 Husbandry
33:54 Bloodlines
34:26 Elite Jomsviking
35:27 Conscription
35:59 Cranequins
36:01 Heavy Mounted Crossbowman
39:04 Thumb Ring
43:33 Fletching
43:44 Padded Archer Armor
45:53 Bodkin Arrow
46:14 Leather Archer Armor
47:00 Blast Furnace
46:32 Plate Mail Armor
martin108
9:17 Feudal Age
7:36 Loom
9:45 Double-Bit Axe
9:43 Horse Collar
16:12 Castle Age
18:45 Bow Saw
18:44 Heavy Plow
19:57 Squires
21:35 Forging
21:26 Scale Mail Armor
24:49 Iron Casting
25:52 Arson
27:02 Chain Mail Armor
27:20 Town Watch
29:20 Wheelbarrow
28:48 Town Patrol
29:40 Ballistics
29:34 Elite Skirmisher
30:23 Murder Holes
33:55 Gold Mining
38:05 Fletching
38:29 Fortified Wall
38:31 Masonry
40:58 Imperial Age
38:50 Hand Cart
40:55 Royal Heirs
41:15 Bodkin Arrow
42:09 Conscription
44:09 Blast Furnace
43:59 Capped Ram
46:02 Elite Shotel Warrior
47:07 Man-at-Arms
47:09 Halberdier
wenzilecc
3:47 Loom
7:30 Feudal Age
12:15 Castle Age
10:33 Double-Bit Axe
10:32 Horse Collar
14:22 Wheelbarrow
16:21 Stone Mining
22:03 Fervor
23:36 Gold Mining
24:05 Bow Saw
27:58 Imperial Age
26:34 Gold Shaft Mining
27:42 Murder Holes
27:59 Fortified Wall
28:00 Masonry
28:25 Hand Cart
28:17 Heavy Plow
27:43 Man-at-Arms
28:24 Squires
29:04 Comitatenses
29:05 Conscription
28:38 Long Swordsman
29:40 Forging
29:31 Scale Mail Armor
30:12 Legionary
31:31 Iron Casting
31:52 Chain Mail Armor
31:52 Pikeman
35:56 Blast Furnace
39:45 Chemistry
38:51 Siege Engineers
39:17 Architecture
39:10 Ballistics
39:31 Crop Rotation
41:04 Fletching
41:08 Guard Tower
Luca214405
8:17 Feudal Age
9:37 Wheelbarrow
8:51 Double-Bit Axe
8:49 Horse Collar
10:55 Man-at-Arms
13:27 Arson
15:01 Town Watch
17:56 Castle Age
17:18 Fletching
17:32 Scale Mail Armor
18:46 Heavy Plow
20:02 Stone Mining
19:50 Pikeman
23:30 Bow Saw
25:26 Hand Cart
26:33 Gold Mining
30:22 Stone Shaft Mining
33:10 Imperial Age
35:17 Elite Skirmisher
joaqo9909
2:49 Loom
7:22 Feudal Age
7:48 Horse Collar
8:16 Double-Bit Axe
13:48 Castle Age
12:58 Forging
12:48 Scale Mail Armor
13:55 Scale Barding Armor
16:02 Light Cavalry
17:23 Iron Casting
17:08 Chain Barding Armor
18:44 Bloodlines
19:58 Heavy Plow
22:28 Scale Mail Armor
23:52 Chain Mail Armor
24:35 Crossbowman
26:02 Fletching
26:12 Padded Archer Armor
26:53 Bow Saw
27:57 Wheelbarrow
30:44 Bodkin Arrow
31:05 Leather Archer Armor
31:16 Hand Cart
36:16 Imperial Age
38:18 Blast Furnace
38:31 Hoardings
37:19 Elite Obuch
39:37 Plate Mail Armor
40:52 Arbalester
Hondkop
0:29 Loom
8:34 Feudal Age
13:16 Castle Age
11:08 Horse Collar
11:17 Double-Bit Axe
22:54 Scale Barding Armor
24:20 Forging
29:16 Bow Saw
33:48 Imperial Age
31:50 Heavy Plow
32:51 Chain Barding Armor
34:12 Wheelbarrow
35:27 Hand Cart
38:16 Plate Barding Armor
38:17 Iron Casting
37:55 Logistica
38:56 Conscription
40:01 Elite Skirmisher
40:47 Thumb Ring
41:45 Chemistry
41:06 Ballistics
40:29 Treadmill Crane
41:01 Fortified Wall
40:47 Murder Holes
40:17 Pikeman
42:22 Padded Archer Armor
42:13 Fletching
42:24 Scale Mail Armor
44:11 Bodkin Arrow
45:14 Elite Cataphract
Connection lost

Rejoining the realm…

Still unreachable

The connection could not be restored.

Session expired

The server has moved on; the page needs a fresh start.